 Dungeon Crawl Stone Soup version 0.29.1-1-gd02db6906a (webtiles) character file.

Game seed: 814174066571816117

267 vvl the Shield-Bearer (level 6, 0/61 HPs)
             Began as a Troll Fighter on Sept 26, 2022.
             Succumbed to Edmund's poison
             ... on level 4 of the Dungeon.
             The game lasted 00:03:39 (2506 turns).

vvl the Shield-Bearer (Troll Fighter)               Turns: 2506, Time: 00:03:39

Health: 0/61       AC:  4    Str: 22 (25) XL:     6   Next: 0%
Magic:  6/6        EV:  8    Int:  5 (6)  God:
Gold:   178        SH:  7    Dex:  6 (9)  Spells: 7/7 levels left

rFire   . . .      SeeInvis .     - Unarmed
rCold   . . .      Faith    .   b - +0 kite shield
rNeg    . . .      Spirit   .   a - +0 robe
rPois   .          Reflect  .   (helmet restricted)
rElec   .          Harm     .   (no cloak)
rCorr   .          Rampage  .   (gloves unavailable)
Will    .....                   (boots unavailable)
Stlth   +.........              (no amulet)
HPRegen 1.00/turn               (no ring)
MPRegen 0.10/turn               (no ring)

@: lethally poisoned (0 -> -4)
A: large, unfitting armour, claws 3, regeneration 1, shaggy fur 1, tough skin 1
a: no special abilities


You were on level 4 of the Dungeon.
You visited 1 branch of the dungeon, and saw 4 of its levels.

You collected 178 gold pieces.

Inventory:

Hand Weapons
 m - the +4 dagger "Morg" {pain, Will+ Int+5}
   (You found it on level 3 of the Dungeon)

   In the hands of one skilled in necromantic magic, it inflicts extra damage on
   living creatures.
   Int:       It affects your intelligence (+5).
   Will:      It increases your willpower.
Armour
 a - a +0 robe (worn)
 b - a +0 kite shield (worn)
Scrolls
 d - 5 scrolls of teleportation {unknown}
 f - 7 scrolls of identify {unknown}
 g - a scroll of acquirement {unknown}
 j - a scroll of immolation {unknown}
 l - a scroll of vulnerability {unknown}
 n - 2 scrolls of noise {unknown}
 p - a scroll of fog {unknown}
Potions
 c - a potion of might
 e - a potion of degeneration
 h - a potion of invisibility {unknown}
 i - a potion of haste {unknown}
 k - a potion of mutation {unknown}
 o - 2 potions of attraction {unknown}
 q - a potion of cancellation {unknown}


   Skills:
 + Level 3.0 Fighting
 + Level 1.6 Armour
 + Level 3.0 Dodging
 + Level 3.2 Shields
 + Level 2.7 Unarmed Combat
 + Level 1.0 Spellcasting
 + Level 1.4 Necromancy
 + Level 1.5 Earth Magic


You had 7 spell levels left.
You didn't know any spells.
Your spell library contained the following spells:

 Spells                   Type           Power      Damage    Failure   Level
 Sublimation of Blood     Necr           1%         N/A       67%         2
 Animate Dead             Necr           1%         N/A       99%         4
 Conjure Ball Lightning   Conj/Air       0%         3x3d6     100%        6
 Necromutation            Tmut/Necr      0%         N/A       100%        8


Dungeon Overview and Level Annotations

Branches:
Dungeon (4/15)
 Temple: D:4-7

Altars:
Cheibriados
Gozag

Annotations:
D:4 Edmund


Innate Abilities, Weirdness & Mutations

You are too large for most types of armour.
You have claws for hands.
Your natural rate of healing is unusually fast.
You are covered in fur. (AC +1)
You have tough skin. (AC +1)


Message History

The jackal bites you but does no damage.
You barely miss the jackal.
You feel sick. You block the jackal's attack.
You scratch the jackal.
You kill the jackal!
You feel sick.
You scratch Edmund but do no damage.
You feel sick. You block Edmund's attack.
You barely miss Edmund.
You feel sick. You block Edmund's attack.
You claw Edmund!
Edmund is moderately wounded.
You feel sick. Edmund barely misses you.
You scratch Edmund but do no damage.
Edmund is moderately wounded.
You feel sick.
Edmund hits you with a +2 flail of venom.
You are more poisoned.
You barely miss Edmund.
Edmund is moderately wounded.
You feel sick.
Edmund hits you with a +2 flail of venom!
* * * LOW HITPOINT WARNING * * *
You are lethally poisoned!
You claw Edmund!
Edmund is severely wounded.
* * * LOW HITPOINT WARNING * * *
You feel extremely sick. You block Edmund's attack.
You closely miss Edmund.
Edmund is severely wounded.
* * * LOW HITPOINT WARNING * * *
You feel very sick. Edmund barely misses you. You block Edmund's attack.
You scratch Edmund.
Edmund is almost dead.
* * * LOW HITPOINT WARNING * * *
You feel very sick. Edmund barely misses you.
It was a potion of degeneration.
There was something very wrong with that liquid.
You feel weakened.
You feel dopey.
You feel clumsy.
You die...

... .>. ... #.# ###
#.##..##. +.†......
#........ ####
#@##..##.
#..###@##..#
########...#......#
#..........'.........
#.....######..##..##.
+.....##..##..##..#
##.............# ...
#..............# ...
#.....##.......# ...
#######........#


You could see Edmund.

Vanquished Creatures
  2 howler monkeys (D:4)
  A hound (D:4)
  Terence (D:2)
  An iguana (D:4)
  4 adders
  A white imp (D:4)
  A worm (D:3)
  2 dart slugs
  2 orcs
  5 ball pythons
  6 bats
  5 endoplasms
  8 hobgoblins
  8 jackals
  3 kobolds
  A quokka (D:2)
  3 frilled lizards
  4 goblins
  5 rats
63 creatures vanquished.

Notes
Turn   | Place    | Note
-------+----------+-------------------------------------------
     0 | D:1      | vvl the Troll Fighter began the quest for the Orb.
     0 | D:1      | Reached XP level 1. HP: 22/22 MP: 0/0
    55 | D:1      | Got the Volume of Fog and Gloom
   178 | D:1      | Reached XP level 2. HP: 28/29 MP: 1/1
   849 | D:2      | Noticed Terence
   863 | D:2      | Killed Terence
   864 | D:2      | Reached XP level 3. HP: 7/36 MP: 2/2
  1020 | D:2      | Reached skill level 1 in Armour
  1062 | D:2      | Reached skill level 1 in Necromancy
  1092 | D:2      | Reached XP level 4. HP: 43/44 MP: 3/3
  1490 | D:3      | Reached skill level 1 in Earth Magic
  1753 | D:3      | Found the +4 dagger "Morg" {pain, Will+ Int+5}
  1787 | D:3      | Found a faded altar of an unknown god.
  2154 | D:4      | Reached XP level 5. HP: 41/52 MP: 3/5
  2196 | D:4      | Found a snail-covered altar of Cheibriados.
  2202 | D:4      | Found an opulent altar of Gozag.
  2476 | D:4      | Reached skill level 1 in Spellcasting
  2488 | D:4      | Noticed Edmund
  2494 | D:4      | Reached XP level 6. HP: 47/61 MP: 6/6
  2505 | D:4      | HP: 2/61 [poisoned by Edmund]
  2506 | D:4      | Succumbed to Edmund's poison

Illustrated notes

Levels and vault maps discovered:
D:1:      psy_arrival_basics, layout_basic
D:2:      minmay_recursive_quarters, layout_loops_ring, uniq_terence
D:3:      layout_loops_cross, shapermc_ecumenical_altar_totnotflames
D:4:      layout_gridville, nicolae_tso_besieged_by_evil,
          chequers_temple_overflow_statue_of_worship, nicolae_overflow_squiral,
          item_on_display_a, uniq_edmund

Skill      XL: |  1  2  3  4  5 |
---------------+----------------+-----
Armour         | 1 |  1.6
Necromancy     | 1 |  1.4
Earth Magic    | 1 |  1.5
Shields        | 3 |  3.2
Dodging        | 3 |  3.0
Fighting       | 3 |  3.0
Spellcasting   | 1 |  1.0
Unarmed Combat | |  2.7

Action                   |  1- 3 |  4- 6 || total
-------------------------+-------+-------++-------
Melee: Unarmed           |    82 |   103 ||   185
  Use: Potion            |       |     1 ||     1
 Stab: Sleeping          |       |     2 ||     2
Armor: Robe              |    33 |    32 ||    65
Dodge: Dodged            |    30 |    30 ||    60
Block: Kite shield       |    28 |    33 ||    61
